 Dungeon Crawl Stone Soup version 0.20-a0-795-ga03948b (webtiles) character file.

41 Laan the Sneak (level 3, 0/34 HPs)
             Began as a Naga Wizard on Mar 1, 2017.
             Slain by a worm (2 damage)
             ... on level 2 of the Dungeon.
             The game lasted 00:02:16 (1725 turns).

Laan the Sneak (Naga Wizard)                        Turns: 1725, Time: 00:02:17

Health: 0/34       AC:  2    Str:  9    XL:     3   Next: 52%
Magic:  1/7        EV:  9    Int: 24    God:
Gold:   97         SH:  0    Dex:  9    Spells: 7/8 levels left

rFire    + . .     SeeInvis +   m - +0 short sword
rCold    . . .     Gourm    .   h - +0 leather armour
rNeg     . . .     Faith    .   (no shield)
rPois    +         Spirit   .   b - +0 hat
rElec    .         Reflect  .   (no cloak)
rCorr    .         Harm     .   (no gloves)
MR       .....                  (no barding)
Stlth    ++........             (no amulet)
Regen    0.2/turn               (no ring)
MPRegen  0.1/turn               l - ring of protection from fire

@: brilliant, very slow
A: see invisible, deformed body, poison resistance, slowness 2, slow metabolism
1, spit poison 1, AC +1
a: Spit Poison


You were on level 2 of the Dungeon.
You were not hungry.

You visited 1 branch of the dungeon, and saw 2 of its levels.

You collected 97 gold pieces.

Inventory:

Hand Weapons
 m - a +0 short sword (weapon)
Armour
 a - a +0 robe
 b - a +0 hat (worn)
 h - a +0 leather armour (worn)
Jewellery
 l - a ring of protection from fire (left hand)
Scrolls
 e - a scroll of identify {unknown}
 f - 4 scrolls of teleportation {unknown}
Potions
 g - a potion of resistance {unknown}
 i - 2 potions of brilliance
 j - 2 potions of curing {unknown}
 k - 2 potions of invisibility {unknown}
 n - a potion of magic {unknown}
 p - a potion of lignification {unknown}
Books
 c - a book of Minor Magic

   Spells                             Type                      Level
   a - Magic Dart                     Conjuration                  1
   b - Blink                          Translocation                2
   c - Call Imp                       Summoning                    2
   d - Slow                           Hexes                        2
   e - Conjure Flame                  Conjuration/Fire             3
   f - Mephitic Cloud                 Conjuration/Poison/Air       3
Comestibles
 d - a bread ration
 o - a chunk of flesh


   Skills:
 + Level 3.0 Fighting
 - Level 1.5 Dodging
 - Level 3.0 Stealth
 - Level 3.0 Spellcasting
 - Level 1.0 Conjurations
   Level 1.0 Summonings
   Level 1.0 Translocations


You had 7 spell levels left.
You knew the following spells:

 Your Spells              Type           Power        Failure   Level  Hunger
a - Magic Dart            Conj           ###.         1%          1    None


Dungeon Overview and Level Annotations

Branches:
Dungeon (2/15)

Altars:
Elyvilon


Innate Abilities, Weirdness & Mutations

You cannot wear boots.
Your serpentine skin is tough. (AC +1)
You have supernaturally acute eyesight. (SInv)
Armour fits poorly on your strangely shaped body.
Your system is resistant to poisons. (rPois)
You cover ground very slowly.
You have a slow metabolism.
You can spit poison.


Message History

Confirm with . or Enter, or press ? or * to list all spells.
Aiming: Magic Dart
Press: ? - help, Shift-Dir - straight line, f/p - worm
Aim: a worm (moderately wounded)
The magic dart hits the worm.
The worm is heavily wounded.
Your magical contamination has completely faded away.
Casting: Magic Dart
Confirm with . or Enter, or press ? or * to list all spells.
Aiming: Magic Dart
Press: ? - help, Shift-Dir - straight line, f/p - worm
Aim: a worm (lightly wounded)
The magic dart hits the worm.
The worm is lightly wounded.
The worm bites you!
* * * LOW HITPOINT WARNING * * *
It was a potion of brilliance.
You feel clever all of a sudden. The worm bites you.
You die...

#......###.###.# ###########.#
#......#..._##.# #<..........#
#......#....##.# #############
##..........##.# #.........
#...........#.#####.#.########
#...........#.).....#.#
#.......###...#######.#
#.......# ##w.# #.# #.......#
#.@# #.# #.......#
#..#######.# #.......#
#.>...)(.).# #########
#....####### #....# ######


You could see a worm.

Vanquished Creatures
  2 oozes (D:2)
  3 dart slugs
  3 bats
  2 giant cockroaches (D:1)
  2 goblins
  5 hobgoblins
  3 kobolds
  A ball python (D:2)
  3 frilled lizards (D:1)
  A rat (D:1)
25 creatures vanquished.

Notes
Turn   | Place    | Note
-------+----------+-------------------------------------------
     0 | D:1      | Laan the Naga Wizard began the quest for the Orb.
     0 | D:1      | Reached XP level 1. HP: 15/15 MP: 4/4
   377 | D:1      | Reached skill level 1 in Fighting
   519 | D:1      | Reached XP level 2. HP: 25/25 MP: 0/6
  1352 | D:2      | Found a white marble altar of Elyvilon.
  1439 | D:2      | Reached XP level 3. HP: 32/33 MP: 2/7
  1718 | D:2      | HP: 1/34 [worm (10)]
  1725 | D:2      | Slain by a worm

Vault maps used:
D:1:      saegor_arrival_under_anarchy
D:2:      overflow_temple_1_default

Skill      XL: |  1  2  3 |
---------------+----------+-----
Fighting       | 1 2 3 |  3.0
Dodging        | |  1.5
Stealth        | |  3.0
Spellcasting   | |  3.0
Conjurations   | |  1.0
Summonings     | |  1.0
Translocations | |  1.0

Action                   || total
-------------------------++-------
Melee: Unarmed           ||    14
       Short sword       ||    36
 Cast: Magic Dart        ||    72
 Abil: Spit Poison       ||     1
  Use: Potion            ||     1
  Eat: Chunk             ||     1
Armor: Robe              ||     2
       Leather armour    ||    16
Dodge: Dodged            ||    28
